 Dungeon Crawl Stone Soup version 0.29.1-13-g9f3cf754e1 (webtiles) character file.

Game seed: 2511038638300583584

53 croobank the Sneak (level 3, -11/26 HPs)
             Began as an Octopode Delver on Feb 7, 2023.
             Shot with an arrow by a centaur (12 damage)
             ... on level 5 of the Dungeon.
             The game lasted 00:01:32 (569 turns).

croobank the Sneak (Octopode Delver)                 Turns: 569, Time: 00:01:33

Health: -11/26     AC:  1    Str: 11    XL:     3   Next: 89%
Magic:  3/3        EV: 13    Int: 14    God:
Gold:   31         SH:  0    Dex: 13    Spells: 2/2 levels left

rFire   . . .      SeeInvis .   a - +0 hand axe
rCold   . . .      Faith    .   (no shield)
rNeg    . . .      Spirit   .   (helmet restricted)
rPois   .          Reflect  .   (no amulet)
rElec   .          Harm     .   (no ring)
rCorr   .          Rampage  .   (no ring)
Will    .....                   (no ring)
Stlth   ++++......              (no ring)
HPRegen 0.08/turn               (no ring)
MPRegen 0.08/turn               (no ring)
                                (no ring)
                                (no ring)

@: no status effects
A: almost no armour, amphibious, 8 rings, camouflage 1, gelatinous body 1,
(nimble swimmer 1), tentacles
a: no special abilities


You were on level 5 of the Dungeon.
You visited 1 branch of the dungeon, and saw 2 of its levels.

You collected 31 gold pieces.

Inventory:

Hand Weapons
 a - a +0 hand axe (weapon)
 g - a +0 long sword
Wands
 f - a wand of digging (3)
Scrolls
 b - a scroll of fog
 c - a scroll of magic mapping
 d - a scroll of fear


   Skills:
 + Level 3.4 Fighting
 + Level 2.6 Axes
 + Level 2.6 Dodging
 + Level 7.1 Stealth


You had 2 spell levels left.
You didn't know any spells.
Your spell library was empty.

Dungeon Overview and Level Annotations

Branches:
Dungeon (6/15)
 Temple: D:4-7

Altars:


Innate Abilities, Weirdness & Mutations

You cannot wear most types of armour.
You are amphibious.
You can wear up to eight rings at the same time.
Your skin changes colour to match your surroundings (Stealth+).
Your rubbery body absorbs attacks. (AC +1, EV +1)
((You are camouflaged when in or above water. (Stealth+)))
You have tentacles for arms and can constrict up to eight enemies at once.


Message History

You feel clever. x2
You start resting.
Your extra speed is starting to run out.
You start resting.
You feel yourself slow down.
You start resting.
HP restored.
Found an escape hatch in the floor.
You now have 31 gold pieces (gained 14).
There is an escape hatch in the floor here.
Found 2 stones.
A black bear comes into view.
A centaur comes into view.
Found a glowing orb.
Found a manual of Ice Magic.
A centaur comes into view.
The helpless centaur fails to defend itself.
You hit the centaur.
The centaur is lightly wounded.
The centaur barely misses you. The centaur closely misses you.
The centaur barely misses you. The centaur kicks you.
You hit the centaur.
The centaur is moderately wounded.
The centaur misses you. The centaur closely misses you. The centaur hits you.
The centaur kicks you.
You barely miss the centaur.
The centaur is moderately wounded.
The centaur hits you. The centaur kicks you.
You aren't carrying any potions.
You barely miss the centaur.
The centaur is moderately wounded.
The centaur shouts!
The centaur wields a +0 shortbow.
The centaur shoots an arrow.
The arrow hits you!
* * * LOW HITPOINT WARNING * * *
The centaur hits you.
* * * LOW HITPOINT WARNING * * *
The centaur kicks you but does no damage.
The centaur shoots an arrow.
The arrow hits you!
You die...

....###..# ####....
#..#..## .......
#.....# ##......
##....###..##.##
##.....#..##...##
##..##.....#.#c..
.###..######....#:#
.....## #..#..c#.#
....## #.(##@..#
.... ##..##[## ....
#... ... ....
##..###... .... ...
.### ..## ###. # ..


You could see 2 centaurs.

Vanquished Creatures
  A necrophage (D:5)
1 creature vanquished.

Notes
Turn   | Place    | Note
-------+----------+-------------------------------------------
     0 | D:5      | croobank the Octopode Delver began the quest for the Orb.
     0 | D:5      | Reached XP level 1. HP: 16/16 MP: 1/1
    31 | D:6      | Noticed a water moccasin
    71 | D:6      | Noticed a hound
   197 | D:5      | Noticed a scorpion
   219 | D:5      | Noticed a necrophage
   230 | D:5      | Killed a necrophage
   231 | D:5      | Reached skill level 7 in Stealth
   231 | D:5      | Reached XP level 2. HP: 3/21 MP: 2/2
   231 | D:5      | Reached XP level 3. HP: 3/26 MP: 3/3
   552 | D:5      | Noticed a black bear
   559 | D:5      | Noticed a centaur
   565 | D:5      | Noticed a centaur
   569 | D:5      | HP: 1/26 [centaur (4)]
   569 | D:5      | Shot with an arrow by a centaur

Illustrated notes

Levels and vault maps discovered:
D:5:      layout_layer_cave, old_standard_altar, st_stairs_7,
          chequers_serial_rivers_marsh, minmay_manual_mares, uniq_duvessa,
          uniq_edmund
D:6:      layout_basic, fedhas_altar_1, nicolae_concentric_dashed_squares_mild,
          uniq_blork_the_orc

Skill      XL: |  1 |
---------------+----+-----
Stealth        | 7 |  7.1
Fighting       | |  3.4
Axes           | |  2.6
Dodging        | |  2.6

Action                   || total
-------------------------++-------
Melee: Hand axe          ||    13
       Constrict         ||     1
  Use: Potion            ||     1
 Stab: Sleeping          ||     1
Armor: Skin              ||     1
Dodge: Dodged            ||    11
